Map: Acid Plant LE

Players

Kozzy

  • Race: Protoss Protoss
  • League: Gold
  • Spawn Location: 11:00

tjddus - Winner!

  • Race: Zerg Zerg
  • Spawn Location: 5:00

VOD

Have the link to the VOD?

Description

Time

  • Played on: April 6, 2018, 4:29 a.m.
  • Length: 16:58
Show
View Real Time Build Order
Export as new Build Order

Kozzy Protoss 

Build Orders:  

Get SALT Encoding   

  12  0:01  Probe  
  13  0:13  Probe  
  14  0:24  Pylon  
  14  0:25  Probe  
  15  0:42  Probe (Chrono Boost)  
  16  0:45  Gateway  
  16  0:54  Probe (Chrono Boost), Assimilator  
  17  1:00  Probe (Chrono Boost)  
  18  1:08  Probe  
  19  1:15  Gateway  
  19  1:26  Probe  
  20  1:38  Probe, Zealot  
  23  1:48  Cybernetics Core  
  23  1:52  Pylon  
  23  1:55  Gateway  
  23  1:58  Pylon  
  23  2:16  Zealot  
  25  2:23  Forge  
  25  2:32  Pylon  
  25  2:37  Warp Gate (Chrono Boost)  
  25  2:43  Stalker (Chrono Boost)  
  27  2:53  Protoss Ground Weapons Level 1 (Chrono Boost)  
  27  2:55  Gateway  
  27  3:12  Photon Cannon  
  27  3:15  Pylon  
  27  3:25  Zealot  
  27  3:26  Zealot  
  33  4:02  Pylon  
  31  4:13  Pylon  
  31  4:20  Pylon  
  31  4:32  Stalker  
  31  4:33  Stalker x2  
  37  4:42  Stalker  
  39  4:46  Gateway  
  39  4:58  Zealot x2  
  39  4:59  Zealot  
  45  5:16  Shield Battery  
  45  5:21  Shield Battery  
  45  5:29  Photon Cannon  
  45  5:34  Zealot x2  
  45  5:35  Zealot x2  
  53  5:41  Zealot  
  53  6:10  Zealot x2  
  53  6:11  Zealot x3  
  35  7:09  Stalker  
  35  7:11  Stalker  
  35  7:12  Zealot x3  
  43  7:35  Zealot  
  43  7:36  Zealot x4  
  49  8:00  Stalker x2  
  49  8:01  Zealot x3  
  53  8:24  Zealot  
  53  8:25  Stalker x2, Zealot  
  53  8:26  Zealot  
  41  9:14  Stalker x2  
  41  9:15  Zealot x2  
  35  9:57  Nexus  
  35  10:05  Probe (Chrono Boost)  
  36  10:16  Probe (Chrono Boost)  
  37  10:21  Probe (Chrono Boost)  
  38  10:34  Shield Battery  
  38  10:35  Stalker  
  40  10:50  Probe (Chrono Boost)  
  41  11:01  Probe (Chrono Boost)  
  42  11:06  Probe (Chrono Boost)  
  42  11:11  Robotics Facility  
  43  11:23  Assimilator  
  43  11:26  Probe (Chrono Boost)  
  43  11:27  Probe (Chrono Boost)  
  45  11:38  Probe (Chrono Boost)  
  45  11:39  Probe (Chrono Boost)  
  47  11:43  Probe (Chrono Boost)  
  47  11:44  Probe (Chrono Boost)  
  49  11:49  Twilight Council  
  51  11:56  Immortal (Chrono Boost), Assimilator  
  53  12:05  Stalker  
  53  12:07  Stalker  
  57  12:23  Assimilator  
  57  12:26  Immortal (Chrono Boost)  
  61  12:36  Charge (Chrono Boost)  
  61  12:48  Pylon  
  61  12:53  Gateway, Stalker x2  
  61  12:54  Stalker  
  67  13:05  Immortal (Chrono Boost)  
  71  13:24  Templar Archives  
  71  13:31  Pylon  
  71  13:33  Protoss Ground Weapons Level 2 (Chrono Boost)  
  71  13:35  Immortal  
  71  13:41  Zealot  
  77  13:56  Zealot  
  77  13:57  Zealot  
  81  14:13  High Templar x2  
  85  14:18  Archon  
  85  14:22  Zealot x2  
  89  14:28  Stalker  
  79  14:53  Immortal (Chrono Boost)  
  79  14:54  High Templar x2  
  79  14:58  Archon  
  87  15:00  Zealot x3  
  93  15:20  Pylon  
  93  15:23  Immortal (Chrono Boost)  
  97  15:32  Nexus  
  97  15:37  Pylon  
  97  16:08  High Templar x2  
  101  16:11  Photon Cannon  
  101  16:12  Shield Battery x2, High Templar x2  
  101  16:14  Archon  
  101  16:16  Archon  
  105  16:31  Pylon  
  105  16:32  Observer (Chrono Boost)  
  106  16:41  Probe x2  
  106  16:45  Probe  
Show
View Real Time Build Order
Export as new Build Order

tjddus Zerg - Winner!

Build Orders: Hatch First 

Get SALT Encoding   

  12  0:01  Drone  
  13  0:08  Drone  
  14  0:17  Overlord  
  14  0:35  Drone x3  
  17  0:47  Drone  
  18  0:59  Hatchery  
  17  1:10  Extractor  
  16  1:15  Spawning Pool  
  15  1:19  Drone  
  15  1:22  Drone  
  17  1:26  Drone  
  18  1:35  Drone  
  19  1:44  Overlord  
  19  2:02  Queen  
  19  2:03  Zergling x2  
  19  2:04  Zergling x2  
  23  2:12  Metabolic Boost  
  23  2:23  Queen  
  23  2:25  Drone  
  23  2:26  Drone  
  27  2:30  Drone  
  27  2:33  Drone  
  27  2:36  Drone  
  30  2:53  Drone x3  
  33  3:10  Overlord, Hatchery  
  33  3:11  Drone  
  33  3:12  Drone  
  34  3:25  Drone x2  
  34  3:26  Overlord x2  
  36  3:31  Queen  
  36  3:33  Drone  
  39  3:34  Drone  
  40  3:42  Drone x2  
  40  3:48  Drone  
  43  3:49  Drone  
  43  3:54  Roach Warren  
  43  3:56  Lair  
  43  3:58  Drone  
  43  3:59  Drone  
  45  4:13  Drone x4  
  49  4:18  Drone x4  
  49  4:22  Drone  
  49  4:23  Drone  
  54  4:45  Overlord, Roach x5  
  64  4:54  Overlord x2  
  64  4:59  Overlord, Hatchery  
  63  5:04  Evolution Chamber x2  
  63  5:05  Extractor  
  60  5:14  Queen x2  
  60  5:18  Pneumatized Carapace  
  60  5:20  Zergling x16  
  72  5:24  Drone  
  72  5:25  Drone x2  
  75  5:30  Overseer  
  75  5:33  Overlord x2  
  75  5:35  Drone  
  76  5:38  Extractor  
  75  5:43  Drone x2  
  75  5:44  Drone x5  
  75  5:46  Extractor  
  81  5:51  Roach x3  
  88  5:57  Roach x3  
  88  6:05  Roach  
  88  6:06  Roach  
  86  6:12  Roach  
  79  6:18  Zergling x2  
  79  6:19  Zergling x10  
  79  6:24  Roach x3  
  85  6:28  Roach  
  85  6:31  Zergling x2  
  76  6:38  Zergling x4  
  76  6:39  Queen  
  70  6:42  Queen  
  70  6:43  Zergling x2  
  70  6:44  Zergling x8  
  71  6:47  Burrow  
  71  6:53  Roach  
  70  6:59  Roach  
  65  7:01  Zergling x2  
  65  7:02  Zergling x2  
  65  7:03  Roach  
  65  7:07  Roach  
  68  7:15  Roach x2  
  65  7:21  Roach  
  65  7:22  Overlord x2  
  66  7:23  Zergling x4  
  66  7:27  Spine Crawler  
  66  7:28  Roach  
  66  7:29  Spine Crawler  
  67  7:32  Roach  
  67  7:34  Queen  
  69  7:39  Roach  
  63  8:04  Roach x10  
  67  8:11  Roach  
  67  8:12  Zergling x8  
  73  8:16  Spine Crawler x3  
  73  8:18  Spine Crawler  
  69  8:26  Roach x5  
  67  8:31  Drone  
  67  8:32  Drone x6  
  71  8:41  Tunneling Claws  
  71  8:48  Roach  
  71  8:53  Roach  
  68  9:01  Roach  
  66  9:03  Roach  
  66  9:07  Queen  
  66  9:09  Roach  
  70  9:13  Roach  
  70  9:14  Zergling x14  
  73  9:23  Spine Crawler  
  70  9:24  Spine Crawler x2, Roach  
  70  9:25  Spine Crawler, Roach  
  70  9:28  Zergling x4  
  73  9:34  Roach  
  75  9:43  Queen  
  77  9:47  Drone  
  77  9:48  Drone x2  
  80  9:54  Queen  
  82  10:10  Drone, Hatchery  
  82  10:11  Drone x7  
  89  10:15  Extractor  
  89  10:18  Hydralisk Den  
  87  10:32  Extractor x2  
  85  10:42  Overlord x2  
  85  10:49  Zerg Ground Armor Level 1, Zerg Missile Weapons Level 1  
  85  10:50  Hydralisk x2  
  85  10:52  Zergling x2  
  85  10:53  Overlord  
  85  10:54  Drone x12  
  102  11:15  Drone, Infestation Pit  
  102  11:38  Drone x3  
  102  11:39  Drone x11  
  116  11:45  Hatchery  
  115  11:49  Muscular Augments  
  115  11:51  Hive  
  115  11:53  Drone  
  116  11:55  Drone  
  116  11:56  Drone x4  
  120  12:01  Spine Crawler  
  120  12:04  Spine Crawler  
  117  12:25  Extractor x2, Spore Crawler  
  117  12:26  Spore Crawler  
  117  12:27  Spore Crawler  
  117  12:29  Spore Crawler  
  111  12:37  Overlord  
  111  12:38  Hydralisk, Overlord x4  
  111  12:39  Hydralisk x6  
  111  12:43  Hatchery  
  124  12:44  Glial Reconstitution  
  124  12:58  Spire  
  124  13:00  Queen  
  124  13:01  Hydralisk  
  124  13:02  Hydralisk x5  
  137  13:06  Drone  
  137  13:36  Spine Crawler  
  136  13:49  Hydralisk, Hatchery  
  136  13:50  Hydralisk x4  
  136  13:51  Viper x4  
  136  13:52  Hydralisk  
  136  13:53  Roach x5  
  169  13:56  Hatchery  
  169  13:58  Adrenal Glands  
  169  14:02  Zerg Missile Weapons Level 2  
  168  14:08  Zerg Ground Armor Level 2  
  168  14:37  Corruptor x3  
  174  14:40  Greater Spire, Corruptor x2  
  174  14:41  Corruptor x2  
  176  15:20  Drone  
  176  15:21  Drone x22  
  199  15:32  Roach x13  
  199  15:33  Extractor  
  198  15:36  Extractor  
  194  15:45  Overseer x2  
  190  15:57  Brood Lord  
  190  15:58  Brood Lord x4  
  200  16:16  Spine Crawler x2  
  200  16:18  Spine Crawler x2  
  196  16:19  Spore Crawler x2  
  194  16:34  Extractor, Spore Crawler  
  194  16:35  Spore Crawler  
  194  16:36  Spore Crawler x3  
  194  16:37  Extractor, Spore Crawler  
  194  16:39  Spore Crawler  
Tags
 
League
Gold
Matchup
PvZ
Spawn Locations
Cross Positions
Add a new tag
Caveats
  • Supply blocks, unpowered buildings, or Contaminate may cause inaccurate times.
  • Supply counts are checked every 10 seconds.